AoeStats
← DestrosXzw

Arena

505538017Analyzed
4v4 RM · 24d ago on Sep 9, 2026· 53m 21s· 8 players
Game mode
Random Map
Map size
Large (8 player)
Population
200
Speed
Normal
Resources
Standard
Victory
Conquest
Starting age
Dark Age
Ending age
Imperial Age
RankedLock teamsTeams togetherTeam positionsShared explorationLock speedFull tech treeHidden civsTurbo modeCheats
Victory
Defeat
🇬🇧 Gurjaras · United Kingdom
720
+5
🇨🇦 Spanish · Canada
706
+6
🇹🇷 Franks · Türkiye
698
+6
🇺🇸 Teutons · United States
692
+6
🇧🇷 Tatars · Brazil
492
-6
🇺🇸 Khmer · United States
437
-10
🇺🇸 Vikings · United States
432
-6
🇺🇸 Lithuanians · United States
403
-5
harperb09
10:51 Feudal Age
11:30 Double-Bit Axe
14:42 Wheelbarrow
15:33 Horse Collar
22:56 Castle Age
21:40 Loom
Lu's Clues
0:47 Loom
10:01 Feudal Age
11:03 Arson
19:43 Fletching
21:27 Man-at-Arms
24:34 Horse Collar
24:43 Double-Bit Axe
25:22 Forging
29:34 Castle Age
29:53 Long Swordsman
31:28 Squires
32:36 Scale Mail Armor
32:32 Bodkin Arrow
33:13 Iron Casting
32:19 Elite Skirmisher
Apexius
0:48 Loom
10:09 Feudal Age
10:35 Double-Bit Axe
11:29 Wheelbarrow
11:26 Horse Collar
14:36 Stone Mining
14:40 Gold Mining
21:57 Castle Age
20:42 Bloodlines
22:28 Forging
22:24 Scale Barding Armor
23:03 Hand Cart
23:55 Bow Saw
25:51 Stone Shaft Mining
26:00 Heavy Plow
27:09 Fervor
27:21 Fletching
28:22 Sanctity
34:12 Imperial Age
32:51 Chain Barding Armor
34:21 Fortified Wall
34:06 Murder Holes
34:23 Masonry
33:53 Treadmill Crane
34:25 Cavalier
35:45 Hoardings
36:57 Plate Barding Armor
36:27 Herbal Medicine
36:58 Ballistics
37:09 Architecture
37:47 Iron Casting
38:53 Crop Rotation
40:19 Elite Leitis
43:08 Guilds
43:08 Paladin
48:40 Caravan
DestrosXzw
0:31 Loom
14:02 Feudal Age
14:37 Double-Bit Axe
15:25 Horse Collar
16:54 Wheelbarrow
20:28 Castle Age
19:33 Man-at-Arms
22:48 Heavy Plow
23:03 Bow Saw
27:05 Forging
26:56 Scale Mail Armor
29:38 Hand Cart
32:26 Stone Mining
33:51 Scale Barding Armor
35:16 Fortified Wall
36:01 Husbandry
36:28 Ballistics
37:31 Chain Barding Armor
38:09 Gold Mining
39:13 Silk Armor
42:12 Imperial Age
43:55 Chemistry
42:48 Onager
44:21 Gold Shaft Mining
44:30 Cavalier
48:08 Crop Rotation
50:56 Conscription
52:54 Plate Barding Armor
easymac777
10:23 Feudal Age
11:03 Double-Bit Axe
11:09 Horse Collar
19:42 Castle Age
18:34 Gold Mining
18:37 Stone Mining
20:32 Wheelbarrow
20:59 Stone Shaft Mining
20:37 Forging
22:37 Bow Saw
22:30 Heavy Plow
27:33 Iron Casting
29:57 Imperial Age
27:41 Fortified Wall
28:11 Scale Mail Armor
29:40 Masonry
29:49 Chain Mail Armor
29:55 Hand Cart
32:17 Conscription
31:44 Elite Teutonic Knight
35:24 Blast Furnace
38:36 Chemistry
37:51 Fletching
39:51 Plate Mail Armor
39:22 Bodkin Arrow
Harry Tarrant
0:36 Loom
12:59 Feudal Age
14:38 Wheelbarrow
13:46 Horse Collar
13:55 Double-Bit Axe
17:50 Gold Mining
17:51 Stone Mining
22:39 Castle Age
21:33 Bloodlines
23:03 Forging
23:24 Heavy Plow
23:51 Bow Saw
25:12 Iron Casting
25:25 Husbandry
25:29 Man-at-Arms
28:11 Crossbowman
29:00 Scale Barding Armor
28:57 Padded Archer Armor
28:48 Fletching
32:05 Hand Cart
32:09 Fletching
33:22 Leather Archer Armor
33:35 Bodkin Arrow
34:54 Ballistics
35:58 Chain Barding Armor
36:37 Gold Shaft Mining
36:49 Thumb Ring
43:39 Imperial Age
42:22 Scale Mail Armor
44:02 Kshatriyas
44:16 Chain Mail Armor
45:57 Conscription
46:00 Frontier Guards
45:15 Heavy Camel Rider
48:25 Plate Barding Armor
48:57 Chemistry
49:29 Crop Rotation
FURKAN
9:39 Loom
13:57 Feudal Age
14:42 Double-Bit Axe
16:49 Gold Mining
17:42 Wheelbarrow
18:38 Stone Mining
18:38 Town Watch
19:02 Scale Mail Armor
19:03 Padded Archer Armor
18:53 Fletching
22:45 Arson
23:09 Scale Barding Armor
23:15 Forging
27:28 Castle Age
28:47 Gold Shaft Mining
28:33 Bow Saw
28:52 Hand Cart
28:40 Caravan
29:20 Iron Casting
29:01 Leather Archer Armor
30:11 Squires
29:32 Pikeman
30:52 Chain Barding Armor
33:22 Chain Mail Armor
33:03 Bodkin Arrow
36:59 Imperial Age
34:40 Husbandry
37:08 Cavalier
38:28 Plate Barding Armor
38:24 Plate Mail Armor
38:54 Blast Furnace
40:40 Paladin
WALL
3:35 Loom
11:48 Feudal Age
17:24 Castle Age
16:09 Horse Collar
16:18 Double-Bit Axe
17:40 Wheelbarrow
21:46 Padded Archer Armor
22:43 Leather Archer Armor
23:04 Hand Cart
31:39 Town Watch
32:39 Town Patrol
44:11 Imperial Age
48:28 Caravan
48:59 Coinage
48:39 Guilds
50:41 Elite Conquistador
51:58 Ring Archer Armor
51:52 Inquisition
Connection lost

Rejoining the realm…

Still unreachable

The connection could not be restored.

Session expired

The server has moved on; the page needs a fresh start.